 Dungeon Crawl Stone Soup version 0.30-a0-1018-g25214051b3 (webtiles) character file.

Game seed: 10299784216889145083

158 promet the Poker (level 5, 0/63 HPs)
             Began as a Merfolk Fighter on Apr 7, 2023.
             Slain by Terence
             ... wielding a +0 hand axe
              (1 damage)
             ... on level 3 of the Dungeon.
             The game lasted 00:09:11 (1768 turns).

promet the Poker (Merfolk Fighter)                  Turns: 1768, Time: 00:09:11

Health: 0/63       AC: 10    Str: 16    XL:     5   Next: 39%
Magic:  5/5        EV:  9    Int:  9    God:
Gold:   139        SH:  5    Dex: 14    Spells: 4/4 levels left

rFire   . . .      SeeInvis .    a - +8 club
rCold   . . .      Faith    .    c - +0 buckler
rNeg    . . .      Spirit   .    m - +0 scale mail
rPois   .          Reflect  .    p - +0 helmet
rElec   .          Rampage  .    d - +1 cloak
rCorr   .                        (no gloves)
Will    .....                    (no boots) Stlth
                                 (no amulet)
HPRegen 0.30/turn                (no ring)
MPRegen 0.09/turn                (no ring)

@: berserking (expiring), very quick
A: (nimble swimmer 2), mertail
a: no special abilities


You were on level 3 of the Dungeon.
You visited 1 branch of the dungeon, and saw 3 of its levels.

You collected 139 gold pieces.

Inventory:

Hand Weapons
 a - a +8 club (weapon)
 b - a +0 sling
 n - a +0 trident
Missiles
 j - 16 stones (quivered)
Armour
 c - a +0 buckler (worn)
 d - a +1 cloak (worn)
 m - a +0 scale mail (worn)
 p - a +0 helmet (worn)
Scrolls
 k - a scroll of noise
 o - a scroll of enchant armour {unknown}
Potions
 e - a potion of lignification {unknown}
 f - a potion of attraction
 g - a potion of haste {unknown}
 i - 2 potions of curing
 l - a potion of heal wounds


   Skills:
 + Level 3.9 Fighting
 + Level 0.1 Maces & Flails
 + Level 4.8 Polearms
 + Level 0.1 Ranged Weapons
 + Level 3.0 Armour
 + Level 1.2 Dodging
 + Level 3.4 Shields


You had 4 spell levels left.
You didn't know any spells.
Your spell library was empty.

Dungeon Overview and Level Annotations

Branches:
Dungeon (3/15)

Altars:

Annotations:
D:3 Terence


Innate Abilities, Weirdness & Mutations

((You are very nimble when in or above water. (Stealth+, EV+, Speed+++)))
Your lower body shifts to a powerful aquatic tail in water.


Message History

The adder bites you but does no damage. You block the adder's attack.
You barely miss the adder.
The adder is severely wounded.
You feel sick. You block the adder's attack.
You sock the adder!
You kill the adder!
The orc priest calls down the wrath of Beogh upon you.
Beogh smites you!
Your Armour skill increases to level 3!
You barely miss the orc.
You feel sick.
You are no longer poisoned.
The orc priest looks satisfied for a moment.
The orc hits you with a +0 mace.
You barely miss the orc. You thump the orc priest!
You kill the orc priest!
You block the orc's attack.
You sock the orc!
You kill the orc!
Terence barely misses you. The orc hits you but does no damage.
You closely miss Terence. Terence hits you with a +0 hand axe!
* * * LOW HITPOINT WARNING * * *
You completely miss Terence. Terence closely misses you.
The orc barely misses you. Terence barely misses you.
You barely miss Terence. The orc hits you with a +0 mace!
* * * LOW HITPOINT WARNING * * *
Terence hits you with a +0 hand axe.
* * * LOW HITPOINT WARNING * * *
You sock Terence!
Terence is heavily wounded.
Terence hits you with a +0 hand axe.
* * * LOW HITPOINT WARNING * * *
The orc barely misses you.
You hit Terence but do no damage.
Terence is heavily wounded.
You block Terence's attack. The orc closely misses you.
Terence closely misses you.
You barely miss the orc. The orc closely misses you.
Terence hits you with a +0 hand axe.
You die...

# ##.# ###...#
#@o.# #
#####@######
#.#...wo.....# .
#?...........#
..###..........#
...#..$.........#
................#
.........).<..##
...#..........#


You could see Terence (berserk), a worm and 2 orcs.

Vanquished Creatures
  Crazy Yiuf (D:2)
  An orc priest (D:3)
  Jessica (D:2)
  2 adders
  2 dart slugs (D:1)
  An orc (D:3)
  A bat (D:1)
  7 endoplasms
  3 giant cockroaches
  5 goblins
  4 hobgoblins (D:1)
  2 jackals (D:1)
  3 quokkas (D:1)
  5 ball pythons
  3 frilled lizards
  5 kobolds
  4 rats (D:1)
50 creatures vanquished.

Notes
Turn   | Place    | Note
-------+----------+-------------------------------------------
     0 | D:1      | promet the Merfolk Fighter began the quest for the Orb.
     0 | D:1      | Reached XP level 1. HP: 18/18 MP: 1/1
   146 | D:1      | Reached XP level 2. HP: 14/24 MP: 2/2
   459 | D:1      | Reached XP level 3. HP: 27/29 MP: 3/3
   491 | D:1      | Reached skill level 3 in Polearms
  1212 | D:2      | Noticed Jessica
  1221 | D:2      | Killed Jessica
  1222 | D:2      | Reached skill level 1 in Dodging
  1222 | D:2      | Reached XP level 4. HP: 12/37 MP: 4/4
  1384 | D:2      | Found a runed translucent door.
  1385 | D:2      | Noticed Crazy Yiuf
  1716 | D:2      | Killed Crazy Yiuf
  1717 | D:2      | Reached skill level 4 in Polearms
  1717 | D:2      | Reached XP level 5. HP: 42/42 MP: 5/5
  1740 | D:3      | Noticed Terence
  1766 | D:3      | HP: 1/63 [Terence/+0 hand axe (5)]
  1768 | D:3      | Slain by Terence

Illustrated notes

Levels and vault maps discovered:
D:1:      kilobyte_arrival_exit_the_forest, layout_rooms,
          kennysheep_decorative_pillar, minmay_circled_x
D:2:      layout_basic, serial_park_tiny_1, uniq_jessica,
          uniq_crazy_yiuf_cottage
D:3:      layout_rooms, nemelex_dance_club_becter, gup_sewer_entry_pipe,
          uniq_natasha, uniq_terence

Skill      XL: |  1  2  3  4  5 |
---------------+----------------+-----
Polearms       | 3 4 |  4.8
Dodging        | 1 |  1.2
Armour         | 3 |  3.0
Fighting       | |  3.9
Maces & Flails | |  0.1
Ranged Weapons | |  0.1
Shields        | |  3.4

Action                     |  1- 3 |  4- 6 || total
---------------------------+-------+-------++-------
  Melee: Trident           |   111 |     2 ||   113
         Tailslap          |     2 |       ||     2
         Club              |       |    35 ||    35
   Fire: Sling             |       |     2 ||     2
    Use: Scroll            |     3 |     2 ||     5
         Potion            |       |     3 ||     3
 Armour: Scale mail        |    45 |    23 ||    68
  Dodge: Dodged            |    34 |    21 ||    55
  Block: Buckler           |    20 |    12 ||    32

Table legend: (Time is in decaauts)
 A = Elapsed time spent in this place.
 B = Non-inter-level travel time spent in this place.
 C = Inter-level travel time spent in this place.
 D = Time resting spent in this place.
 E = Time spent auto-exploring this place.
 F = Levels seen in this place.
 G = Mean time per level.
                   A        B        C        D        E       F      G
               +--------+--------+--------+--------+--------+-----+--------+
         Total |   1773 |   1757 |     16 |    414 |    599 |   3 |  591.0 |
       Dungeon |   1773 |   1757 |     16 |    414 |    599 |   3 |  591.0 |
               +--------+--------+--------+--------+--------+-----+--------+

Top non-repeatable levels by time:
     D:1: 1147 daAuts
     D:2: 596 daAuts
     D:3: 29 daAuts
